 Dungeon Crawl Stone Soup version 0.29-a0-251-g80730f7218 (webtiles) character file.

Game seed: 10915489376560451159

76 croobank the Firebug (level 4, -2/24 HPs)
             Began as a Gargoyle Fire Elementalist on Mar 6, 2022.
             Slain by a gnoll
             ... wielding a +0 whip
              (7 damage)
             ... on level 2 of the Dungeon.
             The game lasted 00:06:15 (1905 turns).

croobank the Firebug (Gargoyle Fire Elementalist)   Turns: 1905, Time: 00:06:16

Health: -2/24      AC:  8    Str: 11    XL:     4   Next: 32%
Magic:  4/7        EV: 12    Int: 18    God:
Gold:   72         SH:  0    Dex: 10    Spells: 5/8 levels left

rFire   . . .      SeeInvis .   m - +2 whip (vamp)
rCold   . . .      Faith    .   (no shield)
rNeg    + . .      Spirit   .   e - +0 robe
rPois   ∞          Reflect  .   (no helmet)
rElec   +          Harm     .   (no cloak)
rCorr   .          Rampage  .   j - +2 pair of gloves
Will    .....                   (no boots)
Stlth   ++........              (no amulet)
HPRegen 0.08/turn               (no ring)
MPRegen 0.10/turn               (no ring)

@: no status effects
A: sickness immunity, AC +3, negative energy resistance 1, electricity
resistance, torment resistance 1, petrification resistance
a: no special abilities


You were on level 2 of the Dungeon.
You visited 1 branch of the dungeon, and saw 2 of its levels.

You collected 72 gold pieces.

Inventory:

Hand Weapons
 a - a +4 spear
 k - a +0 bardiche
 m - a +2 vampiric whip (weapon)
 o - a +1 vorpal trident
Missiles
 f - 6 poisoned darts
 g - 51 stones
Armour
 c - a +0 leather armour
 e - a +0 robe (worn)
 j - a +2 pair of gloves (worn)
Jewellery
 h - an amulet of regeneration
Potions
 b - 2 potions of degeneration {unknown}
 d - a potion of curing {unknown}
 l - a potion of might {unknown}


   Skills:
 + Level 2.1 Dodging
 + Level 3.0 Stealth
 + Level 2.5 Spellcasting
 + Level 2.1 Conjurations
 + Level 3.4 Fire Magic


You had 5 spell levels left.
You knew the following spells:

 Your Spells              Type           Power      Damage    Failure   Level
a - Foxfire               Conj/Fire      48%        2x1d6     5%          1
b - Scorch                Fire           28%        2d6       6%          2

Your spell library contained the following spells:

 Spells                   Type           Power      Damage    Failure   Level
 Conjure Flame            Conj/Fire      12%        6-21      16%         3
 Inner Flame              Hex/Fire       8%         N/A       26%         3
 Flame Wave               Conj/Fire      12%        2d6       47%         4


Dungeon Overview and Level Annotations

Branches:
Dungeon (2/15)

Altars:


Innate Abilities, Weirdness & Mutations

You are immune to sickness and miasma.
Your stone body is resilient. (AC +3)
You are immune to poison.
You resist negative energy. (rN+)
You are resistant to electric shocks. (rElec)
You are resistant to unholy torment.
You are immune to petrification.


Message History

The gnoll is severely wounded.
The gnoll hits you but does no damage. x2
You hit the gnoll.
You kill the gnoll!
The gnoll hits you with a +0 whip.
You hit the gnoll.
You feel better.
The gnoll is moderately wounded.
The gnoll is no longer more vulnerable to fire.
The gnoll hits you with a +0 whip.
You barely miss the gnoll.
The gnoll is moderately wounded.
The gnoll hits you with a +0 whip. x2
You closely miss the gnoll.
The gnoll is moderately wounded.
The gnoll barely misses you.
You barely miss the gnoll.
The gnoll is moderately wounded.
The gnoll hits you with a +0 whip.
You closely miss the gnoll.
The gnoll is moderately wounded.
The gnoll hits you with a +0 whip.
You barely miss the gnoll.
The gnoll is moderately wounded.
The gnoll misses you.
Unknown command.
You hit the gnoll.
The gnoll is moderately wounded.
The gnoll hits you with a +0 whip.
* * * LOW HITPOINT WARNING * * *
Casting: Scorch (safe; 6% risk of failure)
Confirm with . or Enter, or press ? or * to list all spells.
You conjure some foxfire!
The gnoll hits you but does no damage.
The foxfire hits the hobgoblin.
The hobgoblin is almost dead.
You closely miss the hobgoblin.
The hobgoblin is almost dead.
The foxfire hits the hobgoblin but does no damage.
The hobgoblin is almost dead.
The gnoll hits you with a +0 whip!
You die...

#.........#
#####.........#
#.............# ####
#.............# ...#
#.......#.....# ...#
#.....##.##..##
...###.....#.).#..##
...#.......#÷..#gg.#
...#.#.....#÷#.#@..##
...........##.##§#..#
............)....#..#
.....##'####...####.##
.....<#.# ###....#..#
......#.# #.##.#..#
.†....#.# ####.##.##.##
..[..##.# #....##.##..#
.....##.###.#####.##..#


You could see a gnoll and a hobgoblin.

Vanquished Creatures
  2 gnolls (D:2)
  An adder (D:2)
  A worm (D:2)
  7 bats
  5 endoplasms (D:1)
  A giant cockroach (D:2)
  5 goblins (D:1)
  4 hobgoblins
  5 kobolds (D:1)
  A quokka (D:1)
  6 ball pythons
  2 frilled lizards (D:2)
  4 rats
44 creatures vanquished.

Vanquished Creatures (others)
  78 foxfires
78 creatures vanquished.

Grand Total: 122 creatures vanquished

Notes
Turn   | Place    | Note
-------+----------+-------------------------------------------
     0 | D:1      | croobank the Gargoyle Fire Elementalist began the quest for
                  | the Orb.
     0 | D:1      | Reached XP level 1. HP: 10/10 MP: 3/3
   332 | D:1      | Reached XP level 2. HP: 15/15 MP: 1/5
   691 | D:1      | Learned a level 2 spell: Scorch
   988 | D:1      | Reached XP level 3. HP: 19/19 MP: 3/6
  1871 | D:2      | Reached XP level 4. HP: 24/24 MP: 3/7
  1905 | D:2      | Slain by a gnoll

Illustrated notes

Levels and vault maps discovered:
D:1:      wander_arrival_chamber, layout_basic, serial_park_tiny_2
D:2:      layout_basic, ebering_ecumenical_altar_webs, minmay_distorted

Skill      XL: |  1  2  3 |
---------------+----------+-----
Dodging        | 2 |  2.1
Conjurations   | 2 |  2.1
Stealth        | 3 |  3.0
Spellcasting   | |  2.5
Fire Magic     | |  3.4

Action                   |  1- 3 |  4- 6 || total
-------------------------+-------+-------++-------
Melee: Unarmed           |     4 |       ||     4
       Whip              |    11 |    12 ||    23
       Punch             |       |     1 ||     1
 Cast: Foxfire           |    45 |     1 ||    46
       Scorch            |    13 |     1 ||    14
  Use: Scroll            |     4 |       ||     4
Armor: Robe              |    13 |     4 ||    17
Dodge: Dodged            |    19 |     4 ||    23

Table legend: (Time is in decaauts)
 A = Elapsed time spent in this place.
 B = Non-inter-level travel time spent in this place.
 C = Inter-level travel time spent in this place.
 D = Time resting spent in this place.
 E = Time spent auto-exploring this place.
 F = Levels seen in this place.
 G = Mean time per level.
                   A        B        C        D        E       F      G
               +--------+--------+--------+--------+--------+-----+--------+
         Total |   1906 |   1879 |     27 |      0 |   1512 |   2 |  953.0 |
       Dungeon |   1906 |   1879 |     27 |      0 |   1512 |   2 |  953.0 |
               +--------+--------+--------+--------+--------+-----+--------+

Top non-repeatable levels by time:
     D:1: 1438 daAuts
     D:2: 468 daAuts
